 Dungeon Crawl Stone Soup version 0.15-a0-1656-gb4d1502 (webtiles) character file.

989 Nikss the Ducker (level 7, 40/61 HPs)
             Began as a Deep Dwarf Healer on June 23, 2014.
             Was an Initiate of Elyvilon.
             Starved to death
             ... on Level 1 of the Dungeon.
             The game lasted 01:26:34 (5969 turns).

Nikss the Ducker (Deep Dwarf Healer)                Turns: 5969, Time: 01:26:34

HP  40/61        AC  5     Str 17      XL: 7   Next: 98%
MP  11/11        EV 10     Int 12      God: Elyvilon [......]
Gold 229         SH 14     Dex 13      Spells:  0 memorised,  6 levels left

rFire  + . .     SeeInvis .     B - +1 hand axe
rCold  . . .     Clarity  .     g - +1 leather armour
rNeg   . . .     rCorr    .     o - +0 large shield
rPois  .         rRot     .     (no helmet)
rElec  .         Spirit   .     (no cloak)
SustAb .         Warding  .     h - +0 pair of gloves
rMut   .         Stasis   .     (no boots)
Gourm  .                        (no amulet)
MR     +....                    (no ring)
                                s - ring of protection from fire

@: starving, non-regenerating, somewhat resistant to hostile enchantments, very
unstealthy
A: damage resistance, recharge devices, sense surroundings 1, slow healing 3
a: Device Recharging, Lesser Healing, Renounce Religion


You were on level 1 of the Dungeon.
You worshipped Elyvilon.
Elyvilon was noncommittal.
You were starving.

You visited 1 branch of the dungeon, and saw 4 of its levels.
You also visited: Sewer.

You collected 229 gold pieces.

Inventory:

Hand weapons
 B - a +1 hand axe (weapon)
Missiles
 j - 82 stones (quivered)
Armour
 a - a +1 robe
 c - a +0 ring mail
 g - a +1 leather armour (worn)
 h - a +0 pair of gloves (worn)
 i - a +0 ring mail
 l - a +0 leather armour
 n - a +2 robe
 o - a +0 large shield (worn)
 x - a +0 robe
Magical devices
 d - a wand of heal wounds (2)
 f - a wand of invisibility (0)
Scrolls
 m - 2 scrolls of recharging
 v - a scroll of identify
 w - a scroll of teleportation
 A - 3 scrolls of remove curse
Jewellery
 b - an uncursed ring of stealth {unknown}
 s - a ring of protection from fire (left hand)
Potions
 p - 2 potions of brilliance
 q - a potion of paralysis
 r - 2 potions of degeneration


   Skills:
 + Level 2.9 Fighting
   Level 0.1 Short Blades
 + Level 1.6 Axes
 + Level 1.0 Throwing
 + Level 2.9 Armour
 + Level 6.4 Dodging
 + Level 1.0 Stealth
 + Level 4.5 Shields
 + Level 5.1 Invocations
 + Level 1.3 Evocations


You had 6 spell levels left.
You didn't know any spells.

Dungeon Overview and Level Annotations

Branches:
Dungeon (4/15)
 Temple: D:4-7

Altars:
Makhleb
Okawaru
Qazlal
Yredelemnul


Innate Abilities, Weirdness & Mutations

You are resistant to damage.
You can recharge devices by infusing magical energy.
You passively map a small area around you.
You do not heal naturally.


Message History

You hit the hobgoblin.
The hobgoblin is moderately wounded.
The hobgoblin hits you but does no damage.
You hit the hobgoblin.
You kill the hobgoblin!
You see here a club.
You see here a club.
You offer a prayer to Elyvilon.
The club barely shimmers and breaks into pieces.
Elyvilon is noncommittal.
You lose consciousness!
You can move again.
You lose consciousness!
You can move again.
You lose consciousness!
You can move again.
You lose consciousness!
You can move again.
You have starved to death.
You die...

###.#..# #..≈≈##≈≈..#
#....# #..≈≈##≈≈..#
##...### #..≈≈≈≈≈≈..#
####.....# #..≈≈≈≈≈≈..#
#........# #..........#
#........# ##..........#
#........###'##########+#
#.............#......#..#
#.......####....@......##
#.......####.#####.#.###
#..........#.#.....#.#
...###.....#.#.#####.#
...# ##....#.#.......#
...# #....#.#########
...#####'###.#
...'.........#
...#####..####


There were no monsters in sight!

Vanquished Creatures
  Grinder (Sewer)
  The ghost of lennard the Twirler, an average GrGl (D:3)
  2 big kobolds (Sewer)
  4 big fish (Sewer)
  A big kobold zombie (Sewer)
  3 adders
  2 big fish zombies (Sewer)
  A gnoll (D:1)
  2 giant mites (D:4)
  A green rat (D:4)
  4 shadow imps (Sewer)
  4 worms
  3 oozes (Sewer)
  An orc (D:3)
  A bat zombie (Sewer)
  10 giant cockroaches
  5 goblins
  2 hobgoblins
  2 jackals (D:2)
  6 kobolds
  A ball python (D:2)
  6 bats
  A giant cockroach zombie (Sewer)
  2 giant geckos
  A giant newt (D:2)
  4 kobold zombies (Sewer)
  7 rats
  A spectral orc (D:3)
79 creatures vanquished.

Vanquished Creatures (others)
  A kobold demonologist (Sewer)
  A big kobold zombie (Sewer)
  An ufetubus (Sewer)
  A bat skeleton (D:4)
  A bat zombie (Sewer)
  A giant cockroach (Sewer)
  4 hobgoblins
  A jackal (D:1)
  A bat (Sewer)
  A giant newt (D:3)
  3 goblins
  14 kobolds (Sewer)
  4 kobold zombies (Sewer)
  A butterfly (D:1)
35 creatures vanquished.

Grand Total: 114 creatures vanquished

Notes
Turn   | Place    | Note
--------------------------------------------------------------
     0 | D:1      | Nikss, the Deep Dwarf Healer, began the quest for the Orb.
     0 | D:1      | Reached XP level 1. HP: 16/16 MP: 2/2
   167 | D:1      | Reached skill level 1 in Fighting
   272 | D:1      | Reached skill level 4 in Invocations
   583 | D:1      | Reached XP level 2. HP: 22/25 MP: 2/4
  1348 | D:1      | Reached XP level 3. HP: 26/31 MP: 6/6
  2294 | D:2      | Found an iron altar of Okawaru.
  3112 | D:3      | Reached XP level 4. HP: 26/38 MP: 7/7
  3237 | D:4      | Found a stormy altar of Qazlal.
  3248 | D:4      | Found a burning altar of Makhleb.
  3404 | D:4      | Found a glowing drain.
  3421 | D:4      | Reached skill level 1 in Shields
  3572 | Sewer    | Entered a sewer
  3596 | Sewer    | Reached XP level 5. HP: 35/44 MP: 9/9
  3740 | Sewer    | Reached skill level 1 in Armour
  3966 | Sewer    | Found a burning altar of Makhleb.
  3966 | Sewer    | Noticed a big kobold
  3990 | Sewer    | Noticed an apprentice kobold demonologist
  4007 | Sewer    | Reached skill level 1 in Stealth
  4007 | Sewer    | Reached XP level 6. HP: 50/52 MP: 7/11
  4090 | Sewer    | Killed a big kobold
  4152 | Sewer    | Paralysed by a potion of paralysis for 4 turns
  4168 | Sewer    | Killed an apprentice kobold demonologist
  4168 | Sewer    | Reached skill level 1 in Axes
  4168 | Sewer    | Reached skill level 5 in Dodging
  4168 | Sewer    | Reached XP level 7. HP: 45/60 MP: 11/13
  4322 | Sewer    | Noticed Grinder
  4323 | Sewer    | Acquired Elyvilon's first power
  4369 | Sewer    | Paralysed by something for 3 turns
  4376 | Sewer    | Paralysed by something for 5 turns
  4384 | Sewer    | Noticed a big kobold
  4399 | Sewer    | Paralysed by something for 7 turns
  4417 | Sewer    | HP: 3/60 [something (3)]
  4440 | Sewer    | Killed a big kobold
  4440 | Sewer    | Reached skill level 5 in Invocations
  4464 | Sewer    | Paralysed by something for 4 turns
  4480 | Sewer    | Paralysed by something for 5 turns
  4491 | Sewer    | Paralysed by something for 6 turns
  4509 | Sewer    | Paralysed by Grinder for 7 turns
  4518 | Sewer    | Paralysed by Grinder for 3 turns
  4525 | Sewer    | Killed Grinder
  4525 | Sewer    | Reached skill level 1 in Throwing
  4525 | Sewer    | Reached skill level 1 in Evocations
  5031 | D:3      | Noticed Jessica
  5032 | D:3      | Pacified Jessica
  5232 | D:3      | Found a basalt altar of Yredelemnul.
  5358 | D:3      | Noticed lennard's ghost (average GrGl)
  5419 | D:3      | HP: 3/61 [lennard's ghost (6)]
  5509 | D:3      | Killed lennard's ghost
  5509 | D:3      | Reached skill level 6 in Dodging
  5969 | D:1      | Starved to death

Action                   |  1- 3 |  4- 6 |  7- 9 || total
-------------------------+-------+-------+-------++-------
Melee: Unarmed           |    55 |       |       ||    55
       Dagger            |   201 |    34 |       ||   235
       Hand axe          |       |   327 |   238 ||   565
Throw: Stone             |    72 |       |     7 ||    79
Invok: Lesser Healing    |    24 |    28 |    18 ||    70
       Lesser Self-Heali |    20 |    43 |    25 ||    88
 Abil: Device Recharging |       |       |     2 ||     2
Evoke: Wand              |       |       |    15 ||    15
  Use: Scroll            |     8 |     3 |       ||    11
       Potion            |       |     4 |    11 ||    15
